AoeStats
← SlayerTi

Arena

509360767Analyzed
1v1 RM · 6d ago on Sep 26, 2026· 21m 44s· 2 players
Game mode
Random Map
Map size
Tiny (2 player)
Population
200
Speed
Normal
Resources
Standard
Victory
Conquest
Starting age
Dark Age
Ending age
Imperial Age
RankedLock teamsTeams togetherTeam positionsShared explorationLock speedFull tech treeHidden civsTurbo modeCheats
Victory
Defeat
🇯🇵 Spanish · Japan
1196
+18
🇻🇳 Burgundians · Vietnam
1229
-18
7662200
10:39 Feudal Age
9:46 Loom
14:26 Castle Age
14:06 Double-Bit Axe
14:03 Horse Collar
15:49 Wheelbarrow
SlayerTi
7:46 Loom
7:58 Double-Bit Axe
7:57 Horse Collar
10:15 Feudal Age
16:46 Castle Age
16:33 Forging
16:48 Scale Mail Armor
16:55 Scale Barding Armor
22:09 Husbandry
Connection lost

Rejoining the realm…

Still unreachable

The connection could not be restored.

Session expired

The server has moved on; the page needs a fresh start.